 Dungeon Crawl Stone Soup version 0.29-a0-317-gd16b76e6b1 (webtiles) character file.

Game seed: 13546504961478465111

16 JuicyJ the Stinger (level 2, 0/20 HPs)
             Began as a Draconian Venom Mage on Mar 31, 2022.
             Slain by a jackal (3 damage)
             ... on level 1 of the Dungeon.
             The game lasted 00:03:56 (317 turns).

JuicyJ the Stinger (Draconian Venom Mage)            Turns: 317, Time: 00:03:59

Health: 0/20       AC:  4    Str: 10    XL:     2   Next: 37%
Magic:  2/5        EV: 12    Int: 15    God:
Gold:   0          SH:  0    Dex: 11    Spells: 4/5 levels left

rFire   . . .      SeeInvis .   e - +0 spear
rCold   . . .      Faith    .   (no shield)
rNeg    . . .      Spirit   .   (body armour unavailable)
rPois   .          Reflect  .   (helmet restricted)
rElec   .          Harm     .   (no cloak)
rCorr   .          Rampage  .   (no gloves)
Will    .....                   (no boots)
Stlth   ++........              (no amulet)
HPRegen 0.06/turn               (no ring)
MPRegen 0.09/turn               (no ring)

@: no status effects
A: AC +4, unfitting armour, cold-blooded
a: no special abilities


You were on level 1 of the Dungeon.
You visited 1 branch of the dungeon, and saw 1 of its levels.

Inventory:

Hand Weapons
 e - a +0 spear (weapon)
Scrolls
 b - a scroll of noise {unknown}
Potions
 a - a potion of magic
 c - 2 potions of curing {unknown}
 d - a potion of degeneration {unknown}
 f - a potion of flight {unknown}


   Skills:
 + Level 2.0 Dodging
 + Level 1.9 Stealth
 + Level 2.0 Spellcasting
 + Level 1.0 Transmutations
 + Level 3.5 Poison Magic


You had 4 spell levels left.
You knew the following spells:

 Your Spells              Type           Power      Damage    Failure   Level
a - Sting                 Tmut/Pois      32%        1d4       9%          1

Your spell library contained the following spells:

 Spells                   Type           Power      Damage    Failure   Level
 Poisonous Vapours        Pois/Air       12%        N/A       16%         2
 Mephitic Cloud           Conj/Pois/Air  5%         N/A       38%         3
 Olgreb's Toxic Radiance  Pois           12%        N/A       45%         4


Dungeon Overview and Level Annotations

Branches:
Dungeon (1/15)

Altars:

Shops:
D:1 (


Innate Abilities, Weirdness & Mutations

Your plain brown scales are hard. (AC +4)
You cannot fit into any form of body armour.
You are cold-blooded and may be slowed by cold attacks.


Message History

Aim: a jackal (60% to hit)
The sting hits the jackal.
The jackal is poisoned.
The jackal is severely wounded.
The jackal closely misses you.
You hit the jackal.
You kill the jackal!
Found 15 gold pieces.
The hobgoblin hits you but does no damage.
The jackal closely misses you.
Things that are here:
a jackal corpse; a jackal corpse You closely miss the hobgoblin.
You tail-slap the hobgoblin.
The hobgoblin is severely wounded.
The hobgoblin closely misses you.
You closely miss the hobgoblin.
Your tail-slap misses the hobgoblin.
The hobgoblin is severely wounded.
The hobgoblin hits you. The jackal barely misses you.
You completely miss the hobgoblin.
The hobgoblin is severely wounded.
The jackal bites you.
The jackal bites you but does no damage.
The jackal completely misses you. The hobgoblin hits you.
The hobgoblin closely misses you. The jackal barely misses you. x2
You closely miss the jackal. The jackal closely misses you.
The hobgoblin hits you.
The jackal bites you but does no damage.
The hobgoblin hits you but does no damage.
You hit the jackal but do no damage.
The jackal bites you but does no damage.
The jackal closely misses you. The hobgoblin hits you.
* * * LOW HITPOINT WARNING * * *
The hobgoblin closely misses you. The jackal barely misses you.
The jackal bites you but does no damage.
You hit the jackal.
The jackal is almost dead.
The hobgoblin hits you.
* * * LOW HITPOINT WARNING * * *
The hobgoblin hits you but does no damage.
The jackal bites you.
You die...

#### ##... ###..#
#...# . #...## #
#...####g?..###.#
#...).h@†....##.#
...###gh#.......#
#..##.....(.##
#.# ##.......#
#.. #.....#.#
...# #.......###
...# #.........##
$..
#.....#....####
#.....##.#.....


You could see 2 jackals and 2 hobgoblins.

Vanquished Creatures
  A dart slug (D:1)
  An endoplasm (D:1)
  A giant cockroach (D:1)
  A goblin (D:1)
  3 hobgoblins (D:1)
  2 jackals (D:1)
  A ball python (D:1)
  A kobold (D:1)
  A rat (D:1)
12 creatures vanquished.

Notes
Turn   | Place    | Note
-------+----------+-------------------------------------------
     0 | D:1      | JuicyJ the Draconian Venom Mage began the quest for the
                  | Orb.
     0 | D:1      | Reached XP level 1. HP: 14/14 MP: 3/3
    87 | D:1      | Found Jotz's Weapon Shop.
   207 | D:1      | Reached XP level 2. HP: 14/20 MP: 5/5
   317 | D:1      | Slain by a jackal

Illustrated notes

Levels and vault maps discovered:
D:1:      lemuel_arrival_lava_pool, layout_rooms, serial_shops, shop_fountains

Skill      XL: |  1 |
---------------+----+-----
Dodging        | 2 |  2.0
Stealth        | |  1.9
Spellcasting   | |  2.0
Transmutations | |  1.0
Poison Magic   | |  3.5

Action                   || total
-------------------------++-------
Melee: Spear             ||    25
       Unarmed           ||     7
       Tailslap          ||     7
 Cast: Sting             ||     7
Armor: Skin              ||    15
Dodge: Dodged            ||    30

Table legend: (Time is in decaauts)
 A = Elapsed time spent in this place.
 B = Non-inter-level travel time spent in this place.
 C = Inter-level travel time spent in this place.
 D = Time resting spent in this place.
 E = Time spent auto-exploring this place.
 F = Levels seen in this place.
 G = Mean time per level.
                   A        B        C        D        E       F      G
               +--------+--------+--------+--------+--------+-----+--------+
         Total |    318 |    318 |      0 |      0 |      0 |   1 |  318.0 |
       Dungeon |    318 |    318 |      0 |      0 |      0 |   1 |  318.0 |
               +--------+--------+--------+--------+--------+-----+--------+

Top non-repeatable levels by time:
     D:1: 318 daAuts
